AoeStats
← nazgulknight

Hideout

509836963Analyzed
1v1 RM · 5d ago on Sep 28, 2026· 57m 29s· 2 players
Game mode
Random Map
Map size
Tiny (2 player)
Population
200
Speed
Normal
Resources
Standard
Victory
Conquest
Starting age
Dark Age
Ending age
Imperial Age
RankedLock teamsTeams togetherTeam positionsShared explorationLock speedFull tech treeHidden civsTurbo modeCheats
Victory
Defeat
🇬🇷 Saxons · Greece
906
+16
🇬🇪 Franks · Georgia
897
-16
VS
7:42 Loom
10:59 Feudal Age
14:30 Wheelbarrow
16:58 Castle Age
18:35 Double-Bit Axe
27:00 Murder Holes
27:35 Fletching
32:19 Imperial Age
30:09 Stone Mining
31:23 Hand Cart
32:02 Gold Mining
33:04 Ordonnance Companies
36:07 Forging
37:41 Scale Mail Armor
38:16 Iron Casting
38:37 Gold Shaft Mining
38:24 Ballistics
38:09 Padded Archer Armor
38:04 Bodkin Arrow
39:45 Chemistry
38:10 Heavy Scorpion
40:17 Chain Mail Armor
48:35 Leather Archer Armor
50:57 Plate Mail Armor
51:21 Cavalier
52:02 Husbandry
nazgulknight
8:05 Loom
10:09 Feudal Age
12:26 Double-Bit Axe
18:44 Castle Age
16:58 Padded Archer Armor
17:18 Forging
18:06 Scale Mail Armor
18:53 Fletching
19:01 Arson
21:32 Pikeman
22:17 Squires
24:10 Iron Casting
24:14 Chain Mail Armor
24:03 Horse Collar
26:48 Bodkin Arrow
32:14 Heavy Plow
32:25 Bow Saw
35:12 Imperial Age
37:19 Elite Varangian Guard
41:27 Wheelbarrow
41:51 Elite Hearth Troop
44:15 Plate Mail Armor
43:50 Scale Barding Armor
44:11 Light Cavalry
44:52 Husbandry
46:19 Bloodlines
46:35 Chain Barding Armor
47:46 Two-Man Saw
47:08 Hussar
49:14 Bracer
57:21 Shield Wall
Connection lost

Rejoining the realm…

Still unreachable

The connection could not be restored.

Session expired

The server has moved on; the page needs a fresh start.